 Zot Defence DCSS version 0.15.2 (webtiles) character file.

6545 stupendous the Cleaver (level 11, -2/77 HPs)
             Began as a Formicid Fighter on Apr 11, 2019.
             Was the Champion of Jiyva.
             Slain by a harpy (10 damage)
             ... in the Realm of Zot (Scenario I: Hall of Zot).
             The game lasted 00:12:56 (1823 turns).

stupendous the Cleaver (Formicid Fighter)           Turns: 1823, Time: 00:13:09

HP  -2/77        AC 11     Str 22      XL: 11   Next: 20%
MP  15/15        EV  5     Int 10      God: Jiyva [******]
Gold 0           SH 11     Dex 10      Spells:  0 memorised, 10 levels left

rFire  + . .     SeeInvis +     a - +0 war axe
rCold  + . .     Clarity  .     b - +0 plate armour
rNeg   . . .     rCorr    +     c - +0 shield
rPois  .         rRot     .     (helmet unavailable)
rElec  .         Spirit   .     (no cloak)
SustAb .         Warding  .     (no gloves)
rMut   .         Stasis   +     (no boots)
Gourm  .                        (no amulet)
MR     +....                    (no ring)
                                (no ring)

@: lethally poisoned, somewhat resistant to hostile enchantments, extremely
unstealthy
A: permanent stasis, dig shafts and tunnels, four strong arms, antennae 3, cold
resistance 1, fire resistance 1, tendrils
a: Make oklob sapling, Make arrow trap, Make plant, Remove Curse, Make burning
bush, Make altar, Make grenades, Make oklob plant, Make net trap, Make ice
statue, Make spear trap, Make alarm trap, Dig, Request Jelly, Jelly Paralyse,
Slimify, Cure Bad Mutation, Renounce Religion


You were in the Realm of Zot.
You worshipped Jiyva.
Jiyva was exalted by your worship.
You were not hungry.

You visited 1 branch

Inventory:

Hand weapons
 a - a +0 war axe (weapon)
Armour
 b - a +0 plate armour (worn)
 c - a +0 shield (worn)
Comestibles
 f - a bread ration
Potions
 d - 3 potions of curing
 e - a potion of might
 g - a potion of heal wounds
 i - 2 potions of magic


   Skills:
 - Level 4.1 Fighting
 * Level 14.3 Axes
 - Level 4.0 Armour
 - Level 8.0 Shields


You had 10 spell levels left.
You didn't know any spells.

Dungeon Overview and Level Annotations

Branches:
    Zot (1/1)

Altars:
Jiyva


Innate Abilities, Weirdness & Mutations

Your are under a permanent stasis effect.
You can dig through walls and to a lower floor.
Your four strong arms can wield two-handed weapons with a shield.
You have a pair of large antennae on your head (SInv).
Your flesh is cold resistant.
Your flesh is heat resistant.
Thin tendrils of slime have grown from your body.


Message History

The slime creature hits the hill giant simulacrum!!
The hill giant simulacrum vapourises!
Unknown command.
You feel sick. You block the harpy's attack. The harpy claws you!
* * * LOW HITPOINT WARNING * * *
Your plate armour prevents you from hitting the wolf spider.
You feel sick. You block the harpy's attack. You block the harpy's attack.
Your oklob sapling spits acid at the wolf spider.
The splash of acid misses the wolf spider.
The splash of acid hits your oklob sapling.
Your oklob sapling completely resists.
Your burning bush throws fire at the wolf spider.
The puff of flame hits the wolf spider.
Unknown command.
You slash the harpy!
The harpy is moderately wounded.
The harpy claws you!
* * * LOW HITPOINT WARNING * * *
You block the harpy's attack. The harpy claws you!
You die...

######### ######### ....####
####.... .......### ###.......
.........## ##.........
..........# ▓▓▓▓▓▓▓▓▓ #..........
..........▓▓▓PPPPPPP▓▓▓..........
..........▓▓.......J.▓▓..........
..........▓J....HJ...J▓J.........
..........((....@..J(............
..........▓.......s...▓..........
..........▓▓...J.....▓▓..........
..........▓▓▓PPPPPPP▓▓▓..........
..........▓ ▓▓▓▓▓▓▓▓▓ ▓..........
.........▓▓ ▓▓.........
.......▓▓▓ ▓▓▓....... ....▓▓▓▓
▓▓▓▓.... ▓▓▓▓▓▓▓▓ ▓▓▓▓▓▓▓▓


You could see a wolf spider, a harpy, 2 neutral slime creatures (fellow slime),
5 neutral jellies (fellow slime), 4 friendly burning bushes and 10 friendly
oklob saplings.

Vanquished Creatures
  A polar bear (Zot)
  An orc wizard (Zot)
  An orange rat (Zot)
  2 hounds (Zot)
  A shadow imp (Zot)
  A green rat (Zot)
  2 oozes (Zot)
  2 ball pythons (Zot)
  3 bat zombies (Zot)
  2 goblins (Zot)
  A hobgoblin (Zot)
  A jackal (Zot)
  A kobold (Zot)
  3 bats (Zot)
  A giant cockroach (Zot)
  A giant cockroach zombie (Zot)
  A goblin zombie (Zot)
  A jackal zombie (Zot)
  2 kobold zombies (Zot)
  A rat (Zot)
  A rat zombie (Zot)
30 creatures vanquished.

Vanquished Creatures (collateral kills)
  3 wolf spiders (Zot)
  A troll (Zot)
  2 merfolk (Zot)
  A vampire mosquito (Zot)
  An orc warrior (Zot)
  6 black bears (Zot)
  A phantom (Zot)
  A boggart (Zot)
  2 orange rats (Zot)
  A wyvern simulacrum (Zot)
  2 hounds (Zot)
  2 gnoll shamans (Zot)
  3 worker ants (Zot)
  A giant frog simulacrum (Zot)
  A two-headed ogre simulacrum (Zot)
  2 green rats (Zot)
  A gnoll (Zot)
  3 giant mites (Zot)
  5 orcs (Zot)
  2 bat zombies (Zot)
  8 goblins (Zot)
  6 hobgoblins (Zot)
  A jackal (Zot)
  7 kobolds (Zot)
  A ball python (Zot)
  10 bats (Zot)
  3 giant cockroaches (Zot)
  A giant newt (Zot)
  14 rats (Zot)
  A rat zombie (Zot)
93 creatures vanquished.

Vanquished Creatures (others)
  Pikel (Zot)
  A burning bush (Zot)
  2 wind drakes (Zot)
  A hell hound (Zot)
  A boggart (Zot)
  8 black bears (Zot)
  A hill giant simulacrum (Zot)
  Blork the orc (Zot)
  2 scorpions (Zot)
  3 oklob saplings (Zot)
  4 hounds (Zot)
  32 jellies (Zot)
  3 orc priests (Zot)
  A gnoll shaman (Zot)
  A worker ant (Zot)
  Terence (Zot)
  4 green rats (Zot)
  A gnoll (Zot)
  2 giant mites (Zot)
  A worm (Zot)
  4 orcs (Zot)
  10 hobgoblins (Zot)
  14 jackals (Zot)
  2 oozes (Zot)
  A ball python (Zot)
  A bat (Zot)
  A giant newt (Zot)
  8 goblins (Zot)
  6 kobolds (Zot)
  6 rats (Zot)
124 creatures vanquished.

Grand Total: 247 creatures vanquished

Notes
Turn   | Place    | Note
--------------------------------------------------------------
     0 | Zot      | stupendous, the Formicid Fighter, began the quest for the Orb.
     0 | Zot      | Reached XP level 1. HP: 18/18 MP: 1/1
   199 | Zot      | Reached XP level 2. HP: 24/24 MP: 3/3
   224 | Zot      | Reached skill level 4 in Shields
   292 | Zot      | Reached XP level 3. HP: 29/29 MP: 4/4
   338 | Zot      | Reached XP level 4. HP: 34/36 MP: 5/5
   447 | Zot      | Reached XP level 5. HP: 15/42 MP: 7/7
   460 | Zot      | Reached skill level 5 in Shields
   600 | Zot      | Reached XP level 6. HP: 20/48 MP: 8/8
   603 | Zot      | Became a worshipper of Jiyva Jibets the Shapeless
   614 | Zot      | Acquired Jiyva's first power
   716 | Zot      | Acquired Jiyva's second power
   747 | Zot      | Noticed Pikel
   756 | Zot      | Killed Pikel
   756 | Zot      | Reached skill level 6 in Axes
   756 | Zot      | Reached XP level 7. HP: 34/54 MP: 9/9
   756 | Zot      | Reached XP level 8. HP: 37/60 MP: 11/11
   808 | Zot      | Reached skill level 7 in Shields
  1122 | Zot      | Acquired Jiyva's third power
  1127 | Zot      | Gained mutation: You are frail (-10% HP). [Jiyva's grace]
  1130 | Zot      | Killed Blork the orc
  1195 | Zot      | Noticed a troll
  1203 | Zot      | Killed a troll
  1203 | Zot      | Reached skill level 8 in Axes
  1208 | Zot      | Reached XP level 9. HP: 58/58 MP: 12/12
  1288 | Zot      | Reached skill level 9 in Axes
  1291 | Zot      | Gained mutation: Your flesh is cold resistant. [Jiyva's grace]
  1319 | Zot      | Acquired Jiyva's fourth power
  1337 | Zot      | Killed Terence
  1346 | Zot      | Lost mutation: You are frail (-10% HP). [Jiyva's grace]
  1415 | Zot      | Reached skill level 10 in Axes
  1436 | Zot      | Noticed a merfolk
  1446 | Zot      | Killed a merfolk
  1501 | Zot      | Noticed a merfolk
  1508 | Zot      | Killed a merfolk
  1528 | Zot      | Reached skill level 11 in Axes
  1531 | Zot      | Reached XP level 10. HP: 71/71 MP: 13/13
  1542 | Zot      | Gained mutation: Your flesh is heat resistant. [Jiyva's grace]
  1638 | Zot      | Reached skill level 12 in Axes
  1720 | Zot      | Gained mutation: Thin tendrils of slime have grown from your body. [Jiyva's grace]
  1743 | Zot      | Reached skill level 13 in Axes
  1781 | Zot      | Noticed a wolf spider
  1786 | Zot      | Killed a wolf spider
  1787 | Zot      | Noticed a wolf spider
  1792 | Zot      | Killed a wolf spider
  1792 | Zot      | Reached XP level 11. HP: 54/77 MP: 15/15
  1795 | Zot      | Reached skill level 14 in Axes
  1803 | Zot      | Noticed a wolf spider
  1808 | Zot      | Killed a wolf spider
  1817 | Zot      | Noticed a harpy
  1818 | Zot      | Noticed a wolf spider
  1823 | Zot      | Slain by a harpy

Action                   |  1- 3 |  4- 6 |  7- 9 | 10-12 || total
-------------------------+-------+-------+-------+-------++-------
Melee: War axe           |    26 |    52 |    17 |     9 ||   104
 Abil: Make oklob saplin |     1 |     2 |     7 |     3 ||    13
       Make arrow trap   |       |     1 |       |       ||     1
       Make altar        |       |     1 |       |       ||     1
       Make burning bush |       |       |     2 |     3 ||     5
 Stab: Distracted        |       |     1 |     1 |     1 ||     3
